 Dungeon Crawl Stone Soup version 0.31-a0-844-gdc52ec4e09 (webtiles) character file.

Game seed: 12385888632739271155

8 javelincjr the Ruffian (level 2, 21/21 HPs)
             Began as a Demonspawn Shapeshifter on Sept 29, 2023.
             Quit the game on level 1 of the Dungeon.
             The game lasted 00:00:22 (86 turns).

javelincjr the Ruffian (Demonspawn Shapeshifter)      Turns: 86, Time: 00:00:23

Health: 21/21      AC:  2    Str: 14    XL:     2   Next: 0%
Magic:  2/2        EV: 12    Int: 11    God:
Gold:   0          SH:  0    Dex: 12    Spells: 1/1 levels left

rFire   . .          .
                       - Unarmed
rCold   . . .        (no shield)
rNeg    . . .        a - +0 animal skin
rPois   .            (helmet currently unavailable)
rElec   .            (cloak currently unavailable)
rCorr   .            (gloves currently unavailable)
SInv    .            (boots currently unavailable)
Will    .....        (no amulet)
Stlth   +            (no ring)
HPRegen 0.23/turn    (no ring)
MPRegen 0.08/turn

%: no passive effects
@: beast-form
A: beast (slay +1), demonic magic 1
a: Begin Untransformation


You were on level 1 of the Dungeon.
You were a hulking beast.
You visited 1 branch of the dungeon, and saw 1 of its levels.

Inventory:

Armour
 a - a +0 animal skin (worn)
Talismans
 c - a beast talisman (active)
 d - a flux talisman
Scrolls
 f - a scroll of amnesia {unknown}
 h - a scroll of blinking {unknown}
Potions
 b - a potion of lignification
 e - 2 potions of resistance {unknown}
 g - 2 potions of curing {unknown}


   Skills:
 + Level 1.2 Fighting
 + Level 2.0 Dodging
 + Level 2.8 Unarmed Combat
 + Level 2.8 Shapeshifting


You had one spell level left.
You didn't know any spells.
Your spell library was empty.

Dungeon Overview and Level Annotations

Branches:
Dungeon (1/15)

Altars:


Innate Abilities, Weirdness & Mutations

You are a hulking beast.
Your limbs bulge with bestial killing power. (Slay +1)
Spells you cast may paralyse adjacent enemies.


Message History

You punch the goblin!
You kill the goblin!
The frilled lizard bites you. The hobgoblin closely misses you.
You hit the frilled lizard.
You kill the frilled lizard!
The hobgoblin closely misses you.
You hit the hobgoblin.
The hobgoblin is almost dead.
The hobgoblin misses you.
You hit the hobgoblin.
You kill the hobgoblin!
No target in view!
HP restored.
You see here a frilled lizard corpse.
f - a scroll labelled HEGOICW FILIS You see here a frilled lizard corpse.
Things that are here:
a +0 club; a goblin corpse
Things that are here:
a +0 club; a goblin corpse
g - a purple potion A bat comes into view.
Found a scroll labelled XEUKUPH YGHASU.
You see here a purple potion.
g - 2 purple potions (gained 1)
You hit the bat.
You kill the bat!
Your Dodging skill increases to level 2!
No target in view!
No target in view!
h - a scroll labelled XEUKUPH YGHASU A kobold comes into view.
It is wielding a +0 short sword.
You see here a scroll labelled FIRUMM KANLALO.
You barely miss the kobold. The kobold misses you.
You punch the kobold!
You kill the kobold!
You have reached level 2!
Your demonic ancestry asserts itself...
A menacing aura infuses your magic.
Are you sure you want to abandon this character and quit the game? (Confirm with "yes".)

#.# #.# #
#####.########.# #.
#...........##.##
.#..###.###.#####.##.#.
.....................#.
#............†........
#..###..########.####.
#..###..# #.# #.
#...)h..# #.# #.
#...##.## #.# #) #.#
#.#########.####) #.
#...........#.##†
######'#####.#.#. #.#
#.###.. #.# ## #.#.
#.#......##. ##.#####..
..


There were no monsters in sight!

Vanquished Creatures
  2 goblins (D:1)
  A hobgoblin (D:1)
  A kobold (D:1)
  A bat (D:1)
  2 frilled lizards (D:1)
  A rat (D:1)
8 creatures vanquished.

Notes
Turn   | Place    | Note
-------+----------+-------------------------------------------
     0 | D:1      | javelincjr the Demonspawn Shapeshifter began the quest for
                  | the Orb.
     0 | D:1      | Reached XP level 1. HP: 15/15 MP: 1/1
    86 | D:1      | Gained mutation: Spells you cast may paralyse adjacent
                  | enemies. [demonic ancestry]
    86 | D:1      | Reached XP level 2. HP: 21/21 MP: 2/2
    86 | D:1      | Quit the game

Illustrated notes

Levels and vault maps discovered:
D:1:      mrwooster_arrival_arrow, layout_loops_ring

Skill      XL: |  1 |
---------------+----+-----
Dodging        | 2 |  2.0
Fighting       | |  1.2
Unarmed Combat | |  2.8
Shapeshifting  | |  2.8

Action                     || total
---------------------------++-------
  Melee: Unarmed           ||    14
 Armour: Animal skin       ||     4
  Dodge: Dodged            ||    10

Table legend: (Time is in decaauts)
 A = Elapsed time spent in this place.
 B = Non-inter-level travel time spent in this place.
 C = Inter-level travel time spent in this place.
 D = Time resting spent in this place.
 E = Time spent auto-exploring this place.
 F = Levels seen in this place.
 G = Mean time per level.
                   A        B        C        D        E       F      G
               +--------+--------+--------+--------+--------+-----+--------+
         Total |     85 |     85 |      0 |      0 |     60 |   1 |   85.0 |
       Dungeon |     85 |     85 |      0 |      0 |     60 |   1 |   85.0 |
               +--------+--------+--------+--------+--------+-----+--------+

Top non-repeatable levels by time:
     D:1: 85 daAuts
